 Dungeon Crawl Stone Soup version 0.17-a0-465-g279efb6 (webtiles) character file.

263 Gunnerkreig the Magician (level 5, -3/38 HPs)
             Began as a Draconian Fire Elementalist on Apr 5, 2015.
             Shot with an arrow by a centaur (9 damage)
             ... on level 5 of the Dungeon.
             The game lasted 00:27:30 (4104 turns).

Gunnerkreig the Magician (DrFE)                     Turns: 4104, Time: 00:27:31

Health: -3/38      AC:  8    Str: 15    XL:     5   Next: 97%
Magic:  6/12       EV: 12    Int: 17    God:
Gold:   304        SH:  3    Dex: 11    Spells: 3 memorised, 8 levels left

rFire  . . .     SeeInvis .     g - +0 short sword
rCold  + . .     Clarity  .     (armour unavailable)
rNeg   . . .     SustAb   .     u - +0 buckler of Greed {+Fly rElec}
rPois  .         Gourm    .     (helmet restricted)
rElec  +         Spirit   .     t - +1 cloak
rCorr  .         Warding  .     (no gloves)
rMut   .         Stasis   .     a - +0 pair of boots
MR     .....                    (no amulet)
Stlth  ++........               d - +3 ring of strength
                                e - ring of protection from cold

@: very slightly contaminated, not resistant to hostile enchantments, unstealthy
A: unfitting armour, strong 1, cold-blooded, AC +5
a: Evoke Flight


You were on level 5 of the Dungeon.
You were not hungry.

You visited 1 branch of the dungeon, and saw 5 of its levels.

You collected 304 gold pieces.

Inventory:

Hand weapons
 g - a +0 short sword (weapon)
Armour
 a - a +0 pair of boots (worn)
 r - a cursed +0 robe
 t - a +1 cloak (worn)
 u - the +0 buckler of Greed (worn) {+Fly rElec}
   (You found it on level 4 of the Dungeon)

   It insulates you from electricity.
   It lets you fly.
Jewellery
 d - a +3 ring of strength (right hand)
 e - a ring of protection from cold (left hand)
 j - an uncursed ring of ice
 o - a +3 ring of dexterity
Magical devices
 q - a wand of fire (10)
Scrolls
 h - 2 scrolls of remove curse
 k - 2 scrolls of magic mapping
 m - 3 scrolls of identify
 n - 3 scrolls of random uselessness
 s - a scroll of amnesia
Books
 b - a book of Flames

   Spells                             Type                      Level
   a - Flame Tongue                   Conjuration/Fire             1
   b - Throw Flame                    Conjuration/Fire             2
   c - Conjure Flame                  Conjuration/Fire             3
   d - Inner Flame                    Hexes/Fire                   3
   e - Sticky Flame                   Conjuration/Fire             4
   f - Fireball                       Conjuration/Fire             5
 p - a book of Ice

   Spells                             Type                      Level
   a - Ice Form                       Ice/Transmutation            4
   b - Metabolic Englaciation         Hexes/Ice                    5
   c - Ozocubu's Refrigeration        Ice                          6
   d - Bolt of Cold                   Conjuration/Ice              6
   e - Freezing Cloud                 Conjuration/Ice/Air          6
   f - Simulacrum                     Ice/Necromancy               6
Comestibles
 c - 3 bread rations
 f - 2 meat rations
 i - a beef jerky


   Skills:
 - Level 0.4 Short Blades
 - Level 2.6 Dodging
 - Level 1.9 Stealth
 - Level 0.4 Shields
 + Level 5.1 Spellcasting
 + Level 1.0 Conjurations
 - Level 3.2 Fire Magic


You had 8 spell levels left.
You knew the following spells:

 Your Spells              Type           Power        Failure   Level  Hunger
a - Flame Tongue          Conj/Fire      ##...        12%         1    None
b - Throw Flame           Conj/Fire      ##....       17%         2    #......
c - Conjure Flame         Conj/Fire      ##......     34%         3    ###....


Dungeon Overview and Level Annotations

Branches:
Dungeon (5/15)
 Temple: D:4-7

Altars:
Makhleb
Trog
Xom

Shops:
D:4 %


Innate Abilities, Weirdness & Mutations

Your plain brown scales are hard (AC +5).
Your body does not fit into most forms of armour.
You are cold-blooded and may be slowed by cold attacks.
Your muscles are strong. (Str +2)


Message History

The centaur shoots an arrow.
The arrow misses you.
Casting: Flame Tongue
Confirm with . or Enter, or press ? or * to list all spells.
Aiming: Flame Tongue
Press: ? - help, Shift-Dir - straight line, f/p - centaur
Aim: a centaur, wielding a shortbow You miscast Flame Tongue.
You are very lightly contaminated with residual magic.
Wisps of smoke drift from your hands.
The centaur shoots an arrow.
The arrow hits you.
* * * LOW HITPOINT WARNING * * *
Casting: Flame Tongue
Confirm with . or Enter, or press ? or * to list all spells.
Aiming: Flame Tongue
Press: ? - help, Shift-Dir - straight line, f/p - centaur
Aim: a centaur, wielding a shortbow The flame tongue hits the centaur.
The centaur is moderately wounded.
The centaur shoots an arrow.
The arrow hits you!
You die...

##...###.##.##.##
#####.....#.........## #
###.............#......####
#.
#...###.....#...#..........
#.##...####...##...#......#
.........###.......#.#...##
.........# #.##.(c...##..#
#......<###.##..#..#.#..#
##.....(....##.@#.###...#
#.....##.#####...## ##..#
......###.# #(##.# #..##
...#### #.# #.# #.#.#.# ..#
#.# #.# ..#.#. .. #.# #.#
#.#.# # .. #.# #.# #. # .
#># .. . #.# #


You could see a centaur.

Vanquished Creatures
  A hound (D:4)
  2 iguanas
  2 worker ants (D:4)
  2 adders
  5 worms
  2 giant geckos
  An ooze (D:3)
  An orc (D:3)
  A ball python (D:1)
  10 bats
  6 giant cockroaches
  7 hobgoblins
  4 jackals (D:1)
  A quokka (D:2)
  2 giant gecko skeletons (D:4)
  5 giant newts
  9 goblins
  A jackal skeleton (D:4)
  13 kobolds
  8 rats
83 creatures vanquished.

Notes
Turn   | Place    | Note
--------------------------------------------------------------
     0 | D:1      | Gunnerkreig, the Draconian Fire Elementalist, began the quest for the Orb.
     0 | D:1      | Reached XP level 1. HP: 14/14 MP: 3/3
   272 | D:1      | Reached XP level 2. HP: 20/20 MP: 3/5
  1027 | D:2      | Gained mutation: Your muscles are strong. (Str +2) [potion of beneficial mutation]
  1073 | D:2      | Reached XP level 3. HP: 26/26 MP: 2/6
  1780 | D:2      | Reached XP level 4. HP: 33/33 MP: 5/8
  1948 | D:3      | Learned a level 2 spell: Throw Flame
  2694 | D:3      | Learned a level 3 spell: Conjure Flame
  2749 | D:4      | Reached skill level 4 in Spellcasting
  2749 | D:4      | Reached XP level 5. HP: 38/38 MP: 5/11
  2975 | D:4      | Found a shimmering altar of Xom.
  2978 | D:4      | Found a bloodstained altar of Trog.
  2981 | D:4      | Found a burning altar of Makhleb.
  3023 | D:4      | Got a dazzling buckler
  3029 | D:4      | Identified the +0 buckler of Greed {+Fly rElec} (You found it on level 4 of the Dungeon)
  3406 | D:4      | Found Puecham's Food Shop.
  3728 | D:5      | Entered Level 5 of the Dungeon
  4030 | D:5      | Noticed a centaur
  4047 | D:5      | Reached skill level 5 in Spellcasting
  4104 | D:5      | Shot with an arrow by a centaur

Action                   |  1- 3 |  4- 6 || total
-------------------------+-------+-------++-------
Melee: Unarmed           |     3 |       ||     3
       Short sword       |    27 |    31 ||    58
 Cast: Flame Tongue      |    68 |   103 ||   171
  Use: Potion            |     3 |     2 ||     5
       Scroll            |     5 |     4 ||     9
  Eat: Chunk             |     3 |     6 ||     9
       Bread ration      |       |     1 ||     1
